 Dungeon Crawl Stone Soup version 0.25-a0-665-ga69d64035b (webtiles) character file.

Game seed: 9075965549723689628, levelgen mode: deterministic

83395 kae the Stormcaller (level 15, -7/92 HPs)
             Began as a Tengu Air Elementalist on Mar 26, 2020.
             Was a High Priest of Vehumet.
             Mangled by an ice devil (20 damage)
             ... summoned by an orc high priest
             ... on level 1 of the Orcish Mines.
             The game lasted 00:40:01 (28958 turns).

kae the Stormcaller (Tengu Air Elementalist)       Turns: 28958, Time: 00:40:02

Health: -7/92      AC: 13    Str: 11    XL:     15   Next: 77%
Magic:  34/42      EV: 25    Int: 20    God:    Vehumet [*****.]
Gold:   1276       SH:  4    Dex: 14    Spells: 12/40 levels left

rFire    . . .     SeeInvis .   w - +9 staff of Wucad Mu {channel}
rCold    . . .     Gourm    .   (no shield)
rNeg     . . .     Faith    .   o - +2 robe {rPois}
rPois    +         Spirit   .   (helmet restricted)
rElec    .         Reflect  .   G - +2 cloak
rCorr    .         Harm     .   J - +2 pair of gloves
MR       +....                  (boots unavailable)
Stlth    ++........             A - amulet of magic regeneration
HPRegen  0.25/turn              f - ring of magical power
MPRegen  0.53/turn              p - +3 ring of evasion

@: lethally poisoned (-7 -> -14), flying quickly and evasively, quick
A: beak, talons 3, large bone plates 1, thin metallic scales 1, able to fly
a: Stop Flying, Renounce Religion


You were on level 1 of the Orcish Mines.
You worshipped Vehumet.
Vehumet was extremely pleased with you.
You were very hungry.

You visited 3 branches of the dungeon, and saw 21 of its levels.

You collected 1481 gold pieces.
You spent 205 gold pieces at shops.

Inventory:

Hand Weapons
 e - a +0 spear
 s - a +5 short sword of freezing
 t - a +5 hand axe of freezing
 w - the +9 staff of Wucad Mu (weapon) {channel}
   (You acquired it on level 4 of the Lair of Beasts)
Armour
 a - a +1 robe
 o - a +2 robe of poison resistance (worn)
 G - a +2 cloak (worn)
 J - a +2 pair of gloves (worn)
Magical Staves
 L - an uncursed staff of wizardry
Jewellery
 f - a ring of magical power (left hand)
 j - an uncursed amulet of the acrobat
 p - a +3 ring of evasion (right hand)
 x - an uncursed ring of protection from fire
 A - an amulet of magic regeneration (around neck)
 D - a +4 ring of dexterity
 K - an uncursed ring of ice
 Q - an uncursed ring of protection from fire
 R - an uncursed ring of ice
 S - an uncursed amulet of rage
Wands
 q - a wand of flame (57)
 y - a wand of paralysis (23)
 B - a wand of digging (4)
 E - a wand of random effects (25)
 I - a wand of acid (10)
Scrolls
 d - 3 scrolls of magic mapping
 g - 6 scrolls of remove curse
 n - 4 scrolls of fog
 r - 5 scrolls of teleportation
 v - 2 scrolls of blinking
 F - a scroll of enchant armour
 N - a scroll of fear
Potions
 b - 2 potions of cancellation
 i - 5 potions of heal wounds
 k - 5 potions of curing
 l - 6 potions of might
 m - 2 potions of resistance
 u - a potion of haste
 z - 4 potions of brilliance
 C - 2 potions of stabbing
 M - a potion of lignification
 P - 3 potions of magic {unknown}
Comestibles
 c - 26 rations


   Skills:
 - Level 10.0 Fighting
 - Level 7.0 Armour
 - Level 10.1 Dodging
 - Level 2.0 Stealth
 + Level 13.3 Spellcasting
 - Level 12.1 Conjurations
 - Level 16.0 Air Magic
 - Level 10.1 Evocations


You had 12 spell levels left.
You knew the following spells:

 Your Spells              Type           Power        Failure   Level  Hunger
a - Shock                 Conj/Air       ####         0%          1    None
b - Static Discharge      Conj/Air       ######..     1%          3    None
c - Airstrike             Air            ######....   1%          4    None
d - Lightning Bolt        Conj/Air       ######....   1%          5    ####...
e - Swiftness             Chrm/Air       #####...     1%          2    None
f - Freezing Cloud        Conj/Ice/Air   ######....   4%          6    #####..
g - Orb of Destruction    Conj           ######....   8%          7    #######

Your spell library contained the following spells:

 Spells                   Type           Power        Failure   Level  Hunger
 Magic Dart               Conj           ####         1%          1    None
 Poisonous Vapours        Pois/Air       #####.       1%          2    None
 Searing Ray              Conj           ######       1%          2    None
 Conjure Flame            Conj/Fire      #####...     1%          3    None
 Dazzling Flash           Conj/Hex       #####.       1%          3    None
 Mephitic Cloud           Conj/Pois/Air  ######..     1%          3    None
 Fulminant Prism          Conj/Hex       #####.....   1%          4    None
 Iskenderun's Mystic Bla  Conj/Tloc      #####...     1%          4    None
 Animate Skeleton         Necr           N/A          4%          1    None
 Apportation              Tloc           ##....       4%          1    None
 Corona                   Hex            ##.....      4%          1    None
 Pain                     Necr           ##..         4%          1    None
 Sting                    Tmut/Pois      ##..         4%          1    None
 Summon Small Mammal      Summ           ##..         4%          1    None
 Ignite Poison            Fire/Tmut/Pois ##......     4%          3    None
 Inner Flame              Hex/Fire       ##......     4%          3    None
 Blink                    Tloc           N/A          8%          2    None
 Call Imp                 Summ           ##......     8%          2    None
 Ensorcelled Hibernation  Hex/Ice        ##....       8%          2    None
 Slow                     Hex            ##......     8%          2    None
 Olgreb's Toxic Radiance  Pois           ##......     13%         4    None
 Confusing Touch          Hex            ##......     14%         3    None
 Portal Projectile        Hex/Tloc       ##....       14%         3    None
 Tukima's Dance           Hex            ##......     14%         3    None
 Vampiric Draining        Necr           ##........   14%         3    None
 Animate Dead             Necr           N/A          43%         4    None
 Cause Fear               Hex            ##........   43%         4    None
 Leda's Liquefaction      Hex/Erth       ##........   43%         4    None
 Agony                    Necr           ##......     80%         5    ####...


Dungeon Overview and Level Annotations

Branches:
Dungeon (13/15)            Temple (0/1) D:7            Lair (6/6) D:8
  Swamp (0/4) Lair:4       Spider (0/4) Lair:3        Slime (0/5) Lair:6
    Orc (2/2) D:11
    Elf: Orc:2       Vaults: D:13-14

Altars:
Dithmenos
Fedhas
Gozag
Hepliaklqana
Makhleb
Okawaru
Qazlal
Sif Muna
Trog
Uskayaw
Vehumet
Wu Jian
Xom
Jiyva

Shops:
D:8 *   D:13 %

Annotations:
Lair:1 3 runed translucent doors, Rotter5's ghost, journeyman DrCj


Innate Abilities, Weirdness & Mutations

You have a beak for a mouth.
You have claws for feet.
You can fly continuously.
You are partially covered in large bone plates. (SH +4)
You are partially covered in thin metallic scales. (AC +2)


Message History

You feel sick. You block the sun demon's attack.
The orc high priest starts to sing a prayer.
The orc high priest hits you with a +0 scimitar.
* * * LOW HITPOINT WARNING * * *
The ice devil misses you.
Casting: Static Discharge (safe; 1% risk of failure)
Confirm with . or Enter, or press ? or * to list all spells.
The orc high priest is struck by an arc of lightning.
The orc high priest is almost dead.
You are struck by an arc of lightning.
* * * LOW HITPOINT WARNING * * *
The orc high priest is struck by an arc of lightning.
The orc high priest is almost dead.
The ice devil is struck by an arc of lightning!
The ice devil is moderately wounded.
You feel sick. The sun demon barely misses you.
You block the sun demon's attack. The ice devil hits you.
* * * LOW HITPOINT WARNING * * *
The ice devil freezes you!!
You die...

#.......#.....
##......###....
#........#.....
##............# ###
##............ ####.#
#####[....#.# #.#.##
#))..#### ####.o)##
###......##
#....3@.#####.........#
#####))4.[...#...........
#.##.........#..........#
#.......................#
###......#.#......[[##.....
#.......#####.......###....
##......##.#.....).## #....
#.......#........<)###....
##............#.....#.....


You could see an orc high priest, a sun demon and an ice devil.

Vanquished Creatures
  Kirke (D:12)
  2 entropy weavers (Lair:6)
  Fannar (D:11)
  13 hydras
  Erolcha (D:9)
  A queen ant (Lair:6)
  3 catoblepae (Lair:6)
  4 two-headed ogres
  12 death yaks (Lair:6)
  Nergalle (D:12)
  An orc high priest (Orc:1)
  2 unseen horrors (D:10)
  An orc knight (Orc:1)
  2 cyclopes
  3 oklob plants (Lair:5)
  2 manticores (Lair:6)
  17 elephants
  Psyche (D:11)
  5 black mambas
  14 spiny frogs
  3 gargoyles
  2 centaur skeletons
  A kobold demonologist (D:12)
  6 rime drakes
  4 komodo dragons
  2 trolls
  A queen bee (D:10)
  4 polar bears
  3 hornets
  Prince Ribbit (D:7)
  4 blink frogs (Lair:2)
  4 slime creatures
  6 dream sheep (Lair:5)
  Grinder (D:3)
  A bog body (Lair:4)
  3 hippogriffs
  A centaur simulacrum (D:13)
  3 wyverns
  84 yaks
  2 humans (D:11)
  A basilisk (Lair:2)
  8 hogs
  A hungry ghost (D:9)
  Menkaure (D:7)
  17 soldier ants
  4 wargs
  18 water moccasins
  10 porcupines
  5 ice beasts
  8 orc warriors
  3 sky beasts
  2 phantoms
  A centaur (D:11)
  9 ogres
  6 wolves
  14 crocodiles
  23 bullfrogs
  A gnoll sergeant (D:10)
  A wyvern zombie (D:7)
  The ghost of MisterT the Chiller, an amateur FeIE (D:4)
  A water moccasin skeleton (D:11)
  5 scorpions
  30 killer bees
  13 wights
  An electric eel (Lair:6)
  3 howler monkeys
  2 vampire bats (Lair:1)
  4 crimson imps
  2 bullfrog zombies
  A wyvern simulacrum (D:13)
  4 hounds
  A gnoll shaman (D:4)
  13 orc priests
  5 bullfrog skeletons
  3 jellies
  Jessica (D:3)
  3 iguanas
  15 orc wizards
  29 worker ants
  A hound zombie (D:11)
  A hound skeleton (D:9)
  A worker ant zombie (D:9)
  A howler monkey zombie (D:10)
  13 gnolls
  13 adders
  4 shadow imps
  An ooze (D:3)
  An adder zombie (D:5)
  2 worms
  A dart slug (D:1)
  4 leopard geckos
  47 orcs
  4 giant cockroaches
  9 goblins
  11 hobgoblins
  10 kobolds
  6 quokkas
  A ball python (D:1)
  10 bats
  5 frilled lizards
  A jackal zombie (D:6)
  3 quokka skeletons
  A quokka zombie (D:9)
  7 rats
  A fungus (Lair:3)
  2 plants
654 creatures vanquished.

Vanquished Creatures (others)
  A yak (Lair:1)
  9 fungi
  19 plants
29 creatures vanquished.

Grand Total: 683 creatures vanquished

Notes
Turn   | Place    | Note
-------+----------+-------------------------------------------
     0 | D:1      | kae the Tengu Air Elementalist began the quest for the Orb.
     0 | D:1      | Reached XP level 1. HP: 10/10 MP: 4/4
   544 | D:1      | Reached XP level 2. HP: 15/15 MP: 3/6
  1410 | D:2      | Reached XP level 3. HP: 19/19 MP: 5/7
  1424 | D:2      | Learned a level 3 spell: Static Discharge
  1835 | D:2      | Found an iron altar of Okawaru.
  2284 | D:3      | Reached XP level 4. HP: 13/24 MP: 8/8
  2449 | D:3      | Found a blossoming altar of Fedhas.
  2462 | D:3      | Found a burning altar of Makhleb.
  2476 | D:3      | Noticed Jessica
  2484 | D:3      | Killed Jessica
  2571 | D:3      | Noticed Grinder
  2594 | D:3      | Learned a level 4 spell: Airstrike
  2678 | D:3      | Killed Grinder
  2678 | D:3      | Reached skill level 5 in Conjurations
  2678 | D:3      | Reached skill level 5 in Air Magic
  2678 | D:3      | Gained mutation: You can fly continuously. [Tengu growth]
  2678 | D:3      | Reached XP level 5. HP: 28/28 MP: 7/11
  2678 | D:3      | Reached XP level 6. HP: 32/32 MP: 7/12
  2987 | D:3      | Found a bloodstained altar of Trog.
  3392 | D:4      | Found a stormy altar of Qazlal.
  3394 | D:4      | Noticed MisterT's ghost (amateur FeIE)
  3395 | D:4      | Found a runed translucent door.
  3544 | D:4      | Reached skill level 6 in Air Magic
  3544 | D:4      | Reached XP level 7. HP: 10/36 MP: 7/13
  4043 | D:4      | You fall into a shaft and drop 3 floors!
  4316 | D:7      | Found an ornate altar of the Wu Jian Council.
  4320 | D:7      | Found a hazy altar of Hepliaklqana.
  4323 | D:7      | Found a hide-covered altar of Uskayaw.
  4326 | D:7      | Found a radiant altar of Vehumet.
  4330 | D:7      | Became a worshipper of Vehumet
  4551 | D:7      | Found a staircase to the Ecumenical Temple.
  4601 | D:7      | Noticed Menkaure
  4603 | D:7      | Killed Menkaure
  4603 | D:7      | Reached skill level 7 in Air Magic
  4603 | D:7      | Reached XP level 8. HP: 22/41 MP: 12/15
  4923 | D:7      | HP: 2/41 [/static electricity (4)]
  5239 | D:7      | Found a shimmering blue altar of Sif Muna.
  5261 | D:7      | Found a shadowy altar of Dithmenos.
  5319 | D:7      | Noticed Prince Ribbit
  5330 | D:7      | Killed Prince Ribbit
  5623 | D:7      | Reached skill level 5 in Spellcasting
  5811 | D:7      | Reached skill level 8 in Air Magic
  5886 | D:6      | Reached skill level 10 in Conjurations
  5947 | D:6      | Reached XP level 9. HP: 13/45 MP: 1/18
  6242 | D:6      | Reached * piety under Vehumet
  6242 | D:6      | Offered knowledge of Magic Dart by Vehumet.
  6590 | D:6      | Found a shimmering altar of Xom.
  6593 | D:6      | Found a shimmering altar of Xom.
  6667 | D:6      | Found a shimmering altar of Xom.
  6668 | D:6      | Found a shimmering altar of Xom.
  6669 | D:6      | Found a shimmering altar of Xom.
  6670 | D:6      | Found a shimmering altar of Xom.
  6671 | D:6      | Found a shimmering altar of Xom.
  6695 | D:6      | Found a shimmering altar of Xom.
  6914 | D:5      | Entered Level 5 of the Dungeon
  6941 | D:5      | Found a stormy altar of Qazlal.
  7096 | D:6      | Reached skill level 9 in Air Magic
  8204 | D:4      | Found an opulent altar of Gozag.
  8283 | D:4      | Killed MisterT's ghost
  8283 | D:4      | Reached ** piety under Vehumet
  8421 | D:8      | Offered knowledge of Searing Ray by Vehumet.
  8520 | D:8      | Noticed a two-headed ogre
  8524 | D:8      | Killed a two-headed ogre
  8524 | D:8      | Reached skill level 10 in Air Magic
  8524 | D:8      | Reached XP level 10. HP: 50/50 MP: 17/21
  8633 | D:7      | Reached skill level 11 in Air Magic
  8866 | D:8      | Found Geshen's Serpentskin Sales.
  8876 | D:8      | Reached skill level 1 in Fighting
  9171 | D:8      | Reached skill level 1 in Armour
  9204 | D:8      | Noticed a two-headed ogre
  9609 | D:8      | Found a staircase to the Lair.
  9625 | D:8      | Found a staircase to the Lair.
  9638 | D:8      | Killed a two-headed ogre
  9794 | D:8      | Found Geshen's Serpentskin Sales.
 10049 | D:9      | Noticed a cyclops
 10096 | D:9      | Killed a cyclops
 10096 | D:9      | Reached skill level 5 in Dodging
 10176 | D:9      | Noticed Erolcha
 10183 | D:9      | Killed Erolcha
 10183 | D:9      | Reached XP level 11. HP: 62/62 MP: 7/24
 10252 | D:9      | Reached skill level 5 in Fighting
 10255 | D:9      | Offered knowledge of Dazzling Flash by Vehumet.
 10463 | D:9      | Reached *** piety under Vehumet
 10857 | D:9      | Offered knowledge of Iskenderun's Mystic Blast by Vehumet.
 11544 | D:10     | Entered Level 10 of the Dungeon
 11982 | D:10     | Gained mutation: You are partially covered in large bone
                  | plates. (SH +4) [potion of mutation]
 11982 | D:10     | Gained mutation: You are partially covered in thin metallic
                  | scales. (AC +2) [potion of mutation]
 12011 | D:10     | Reached skill level 5 in Armour
 12025 | D:10     | Reached **** piety under Vehumet
 12270 | D:10     | Killed an unseen horror
 12424 | D:10     | Killed an unseen horror
 12866 | D:10     | Reached XP level 12. HP: 63/73 MP: 18/25
 12940 | D:10     | Learned a level 5 spell: Lightning Bolt
 12943 | D:10     | Learned a level 2 spell: Swiftness
 13240 | Lair:1   | Entered Level 1 of the Lair of Beasts
 13356 | Lair:1   | Offered knowledge of Frozen Ramparts by Vehumet.
 13433 | D:8      | Bought a +2 robe of poison resistance for 205 gold pieces
 13508 | Lair:1   | Noticed a seven-headed hydra
 13516 | Lair:1   | Killed a seven-headed hydra
 13705 | Lair:1   | Found a runed translucent gate.
 13705 | Lair:1   | Found a runed translucent gate.
 13705 | Lair:1   | Found a runed translucent gate.
 13706 | Lair:1   | Noticed Rotter5's ghost (journeyman DrCj)
 14058 | Lair:1   | Noticed a six-headed hydra
 14128 | Lair:1   | Killed a seven-headed hydra
 14128 | Lair:1   | Reached skill level 10 in Dodging
 15204 | Lair:2   | Reached skill level 10 in Fighting
 15625 | Lair:2   | Reached ***** piety under Vehumet
 15627 | Lair:2   | Offered knowledge of Spellforged Servitor by Vehumet.
 15997 | Lair:2   | Reached XP level 13. HP: 61/82 MP: 18/27
 16014 | Lair:2   | Reached skill level 10 in Spellcasting
 17802 | Lair:3   | Reached skill level 12 in Air Magic
 17864 | Lair:3   | Found a hole to the Spider Nest.
 18355 | Lair:4   | Identified a scroll of acquirement
 18355 | Lair:4   | Identified the +8 bardiche "Ischah" {antimagic, rPois rC+
                  | Int-5 Dex+2} (You acquired it on level 4 of the Lair of
                  | Beasts)
 18356 | Lair:4   | Found the +9 staff of Wucad Mu {channel}
 18414 | Lair:4   | Reached skill level 1 in Evocations
 18629 | Lair:4   | Found a staircase to the Swamp.
 19161 | Lair:4   | Reached skill level 5 in Evocations
 19834 | Lair:5   | Reached XP level 14. HP: 88/88 MP: 30/30
 20521 | Lair:6   | Entered Level 6 of the Lair of Beasts
 20960 | Lair:6   | Reached skill level 10 in Evocations
 21216 | Lair:6   | Offered knowledge of Freezing Cloud by Vehumet.
 21505 | Lair:6   | Found a viscous altar of Jiyva.
 21509 | Lair:6   | Found a staircase to the Slime Pits.
 21712 | Lair:6   | Reached skill level 13 in Air Magic
 21914 | Lair:6   | Noticed an entropy weaver
 21961 | Lair:6   | Killed an entropy weaver
 22410 | Lair:6   | Noticed an entropy weaver
 22437 | Lair:6   | Killed an entropy weaver
 22437 | Lair:6   | Reached XP level 15. HP: 23/92 MP: 21/32
 22644 | Lair:6   | Reached skill level 14 in Air Magic
 23208 | Lair:6   | Found the +6 arbalest "Damnation" {damnation}
 23760 | Lair:5   | Learned a level 6 spell: Freezing Cloud
 23937 | D:11     | Noticed Fannar
 24454 | D:11     | Killed Fannar
 24475 | D:11     | Offered knowledge of Irradiate by Vehumet.
 24695 | D:11     | Found a staircase to the Orcish Mines.
 25088 | D:11     | Noticed Psyche
 25091 | D:11     | Killed Psyche
 25198 | D:11     | Reached skill level 15 in Air Magic
 25259 | D:11     | Reached ****** piety under Vehumet
 25793 | D:12     | Noticed Nergalle
 25799 | D:12     | Killed Nergalle
 25900 | D:12     | Offered knowledge of Orb of Destruction by Vehumet.
 25936 | D:12     | Learned a level 7 spell: Orb of Destruction
 26130 | D:12     | Noticed Kirke
 27044 | D:12     | Killed Kirke
 27279 | D:13     | Found Weriabeh's Food Shop.
 27831 | Orc:1    | Entered Level 1 of the Orcish Mines
 28363 | Orc:2    | Entered Level 2 of the Orcish Mines
 28731 | Orc:1    | Reached skill level 16 in Air Magic
 28958 | Orc:1    | Mangled by an ice devil

Levels and vault maps discovered:
D:1:      arrival_zaba_pyramid, layout_basic
D:2:      layout_basic, first_ration, minmay_misc_feat_iff, okawaru_trees_1
D:3:      layout_basic, bloody_makhleb, lemuel_crystal_altar,
          old_standard_altar, uniq_jessica, uniq_grinder
D:4:      layout_basic, nicolae_gozag_cash_rules_everything_around_me,
          hellmonk_ghost_happy_afterlife, nicolae_qazlal_general_emergency,
          uniq_robin
D:5:      layout_basic, overflow_temple_1_default
D:6:      minmay_angry_zag, layout_cave_pools, xom_redecorated,
          skrybe_limestone_x
D:7:      layout_basic, nicolae_overflow_crystal_walls,
          grunt_temple_overflow_cloverleaf, led_sif_pool,
          minmay_temple_entry_crystal_x, uniq_prince_ribbit1, uniq_menkaure
D:8:      layout_cave_pools, lair_entry_dummy, guppyfry_shop_venom
D:9:      layout_rooms, uniq_erolcha
D:10:     layout_basic, special_room [special_room_bee]
D:11:     layout_cave_pods, erik_orc_4, grunt_livestock, uniq_psyche,
          uniq_fannar
D:12:     layout_roguey, uniq_nergalle, uniq_kirke
D:13:     layout_gridville, hangedman_vaults_entry_quadrant_bands, serial_ice,
          serial_ice_b, serial_ice_d, serial_ice_m, serial_ice_c, serial_ice_i,
          serial_ice_f, serial_ice_e, serial_ice_a, portal_ice_cave_entry_imps,
          serial_shops, shop, st_stairs_1
Lair:1:   layout_cave_pods, gammafunk_ghost_necromancy, roderic_batcave,
          st_stairs_9
Lair:2:   layout_long_grid
Lair:3:   cheibrodos_lair_overgrown_chateau, layout_chaotic_city,
          dummy_spider_entry
Lair:4:   layout_gridlike, skrybe_swamp_entry_bodies, serial_bayou_crossing
Lair:5:   layout_misc_corridors, minmay_lair_oklob_chamber, lemuel_fruit_fields,
          lemuel_fruit_tree
Lair:6:   evilmike_catoblepas_cave, layout_gridlike, slime_altar_1,
          minivault_19, zaba_antful_of_joy
Orc:1:    layout_diamond_mine, uniq_snorg, uniq_urug
Orc:2:    st_orc_town, layout_caves, biasface_ghost_orc_armoury

Skill      XL: |  1  2  3  4  5  6  7  8  9 10 11 12 13 14 15 |
---------------+----------------------------------------------+-----
Conjurations   | 2 3 5 6 8 10 11 12 | 12.1
Spellcasting   | 3 4 5 7 8 9 11 12 13 | 13.3
Air Magic      | 5 6 7 8 10 11 12 13 16 | 16.0
Fighting       | 4 7 10 | 10.0
Armour         | 3 5 7 |  7.0
Dodging        | 6 8 10 | 10.1
Evocations     | 6 10 | 10.1
Stealth        | |  2.0

Action                   |  1- 3 |  4- 6 |  7- 9 | 10-12 | 13-15 || total
-------------------------+-------+-------+-------+-------+-------++-------
Melee: Spear             |    23 |    13 |     8 |       |       ||    44
       Peck              |     1 |     1 |     2 |    20 |    32 ||    56
       Kick              |     2 |     1 |     3 |    25 |    42 ||    73
       Hand axe          |       |       |    13 |   101 |    15 ||   129
       Staff             |       |       |       |       |   152 ||   152
       Unarmed           |       |       |       |       |    35 ||    35
 Cast: Shock             |    66 |    60 |   212 |   121 |   316 ||   775
       Airstrike         |       |     2 |    26 |   235 |   426 ||   689
       Static Discharge  |       |     3 |    28 |    58 |   133 ||   222
       Lightning Bolt    |       |       |       |    11 |   144 ||   155
 Abil: Fly               |       |       |     1 |       |       ||     1
Evoke: Wand              |       |       |       |     1 |       ||     1
       Staff of Wucad Mu |       |       |       |       |    63 ||    63
  Use: Scroll            |     6 |     2 |       |    13 |    10 ||    31
       Potion            |       |       |     1 |    10 |     2 ||    13
 Stab: Sleeping          |     1 |       |     1 |     1 |       ||     3
  Eat: Chunk             |     4 |     6 |    10 |    24 |    49 ||    93
       Ration            |       |       |     3 |     7 |     7 ||    17
Armor: Robe              |     2 |     6 |    15 |    33 |   108 ||   164
Dodge: Dodged            |    16 |     7 |    73 |   309 |   611 ||  1016
Block: Other             |       |       |       |    40 |    97 ||   137

Table legend:
 A = Non-vault XP
 B = Vault XP
 C = Vault XP percentage of total XP
 D = Non-vault monster count
 E = Vault monster count
 F = Vault count percentage of total count
                 A         B        C        D         E       F
            +---------+---------+-------+---------+---------+-------
      Total |   79003 |   40133 |  33.7 |     472 |     180 |  27.6
            +---------+---------+-------+---------+---------+-------
        D:1 |      21 |       0 |   0.0 |      13 |       0 |   0.0
        D:2 |      43 |       0 |   0.0 |      18 |       0 |   0.0
        D:3 |      62 |     304 |  83.1 |      22 |       2 |   8.3
        D:4 |     531 |      87 |  14.1 |      19 |       4 |  17.4
        D:5 |     441 |       0 |   0.0 |      18 |       0 |   0.0
        D:6 |     627 |     265 |  29.7 |      15 |       4 |  21.1
        D:7 |    1123 |     446 |  28.4 |      25 |       2 |   7.4
        D:8 |    3872 |     333 |   7.9 |      19 |       4 |  17.4
        D:9 |    3710 |     989 |  21.0 |      40 |       1 |   2.4
       D:10 |    4543 |    1807 |  28.5 |      31 |      25 |  44.6
       D:11 |    4904 |    3169 |  39.3 |      33 |      22 |  40.0
       D:12 |    7040 |    3965 |  36.0 |      35 |       8 |  18.6
       D:13 |     988 |    1227 |  55.4 |       8 |       7 |  46.7
     Lair:1 |    6030 |     357 |   5.6 |      23 |       8 |  25.8
     Lair:2 |    8856 |       0 |   0.0 |      40 |       0 |   0.0
     Lair:3 |    6278 |    4604 |  42.3 |      19 |      13 |  40.6
     Lair:4 |    6016 |     262 |   4.2 |      14 |       1 |   6.7
     Lair:5 |    5604 |    1749 |  23.8 |      24 |       4 |  14.3
     Lair:6 |   16749 |   19130 |  53.3 |      44 |      60 |  57.7
      Orc:1 |    1565 |    1025 |  39.6 |      12 |       5 |  29.4
      Orc:2 |       0 |     414 | 100.0 |       0 |      10 | 100.0
            +---------+---------+-------+---------+---------+-------
